 Dungeon Crawl Stone Soup version 0.31-a0-542-gdc2a67831c (webtiles) character file.

Game seed: 16915219046669629278

161 garrulousMonolith the Chopper (level 5, 0/45 (47) HPs)
             Began as a Hill Orc Monk on Aug 14, 2023.
             Slain by an orc
             ... wielding a +0 trident
              (4 damage)
             ... on level 3 of the Dungeon.
             The game lasted 00:02:09 (2118 turns).

garrulousMonolith the Chopper (Hill Orc Monk)       Turns: 2118, Time: 00:02:09

HP:   0/45 (47)     AC:  6    Str: 16    XL:     5   Next: 42%
MP:   7/7           EV: 10    Int: 10    God:
Gold: 92            SH:  0    Dex: 13    Spells: 4/4 levels left

rFire   . . .        a - +0 hand axe
rCold   . . .        d - orb {light}
rNeg    . . .        h - +0 scale mail
rPois   .            (no helmet)
rElec   .            (no cloak)
rCorr   .            (no gloves)
SInv    .            (no boots)
Will    .....        (no amulet) Stlth
                     (no ring)
HPRegen 0.27/turn    (no ring)
MPRegen 0.10/turn

%: no passive effects
@: confused, glowing, lightly drained
A: no striking features
a: no special abilities


You were on level 3 of the Dungeon.
You visited 1 branch of the dungeon, and saw 3 of its levels.

You collected 92 gold pieces.

Inventory:

Hand Weapons
 a - a +0 hand axe (weapon)
 k - a +0 great sword
Armour
 b - a +0 robe
 d - an orb of light (worn)
 h - a +0 scale mail (worn)
Scrolls
 f - a scroll of fear {unknown}
 g - a scroll of amnesia {unknown}
 l - a scroll of teleportation {unknown}
 n - a scroll of fog {unknown}
Potions
 c - a potion of ambrosia
 e - a potion of haste {unknown}
 i - 2 potions of attraction {unknown}
 j - a potion of might {unknown}
 m - a potion of curing {unknown}
 o - a potion of lignification {unknown}


   Skills:
 + Level 4.5 Fighting
 * Level 5.8 Axes
 + Level 2.2 Armour
 - Level 2.4 Dodging
 + Level 2.7 Invocations


You had 4 spell levels left.
You didn't know any spells.
Your spell library contained the following spells:

 Spells                   Type           Power      Damage    Failure   Level
 Stone Arrow              Conj/Erth      0%         3d7       99%         3
 Animate Armour           Summ/Erth      0%         N/A       100%        4
 Lehudib's Crystal Spear  Conj/Erth      0%         10d2      100%        8


Dungeon Overview and Level Annotations

Branches:
Dungeon (3/15)

Altars:
Fedhas


Message History

The orc barely misses you.
The orc wizard attacks as you move away!
The orc wizard hits you but does no damage.
The orc wizard gestures at you while chanting.
The magic dart hits you!
The orc wizard gestures at you while chanting.
You are more confused.
You feel less invigorated. The orc closely misses you.
The orc attacks as you move away! The orc hits you with a +0 flail.
* * * LOW HITPOINT WARNING * * *
You barely miss the orc.
The orc is moderately wounded.
You hit the orc wizard. You barely miss the orc.
You closely miss the orc wizard. The orc closely misses you.
The orc wizard points at you and mumbles some strange words.
The puff of flame misses you. The orc hits you with a +0 flail.
* * * LOW HITPOINT WARNING * * *
The orc misses you.
You hit the orc but do no damage. You hit the orc wizard.
You closely miss the orc wizard. You hit the orc but do no damage.
The orc wizard hits you but does no damage.
The orc wizard closely misses you. The orc hits you but does no damage.
The orc closely misses you. The orc barely misses you.
You hit the orc wizard.
The orc wizard is heavily wounded.
You closely miss the orc wizard. You closely miss the orc.
You hit the orc but do no damage.
The orc wizard hits you with a +0 dagger.
* * * LOW HITPOINT WARNING * * *
The orc wizard hits you with a +0 dagger.
* * * LOW HITPOINT WARNING * * *
The orc hits you but does no damage. The orc hits you with a +0 flail.
* * * LOW HITPOINT WARNING * * *
The orc hits you but does no damage.
You hit the orc but do no damage.
The orc is moderately wounded.
You barely miss the orc wizard. You barely miss the orc.
You barely miss the orc wizard. The orc wizard barely misses you. x2
The orc hits you from afar with a +0 trident.
You die...

# ##. # ... #
#.######### #
#.......... #
######.........##
#
................
# #.##.........##
# #..oo..).......
# #.#@oo.........
########
##o........#
.......#
#....######
.......# #....#
.......# #....#
.....†.# #.
#....## .......#
#. #.....#
####.###
#.##.....#
####.##
#........#


You could see 2 orc wizards and 3 orcs.

Vanquished Creatures
  A jelly (D:3)
  5 adders
  4 worms (D:2)
  A dart slug (D:2)
  5 ball pythons
  6 endoplasms
  4 giant cockroaches
  7 goblins
  7 hobgoblins
  7 jackals
  A quokka (D:1)
  7 bats
  7 frilled lizards
  5 kobolds
  5 rats
72 creatures vanquished.

Vanquished Creatures (others)
  A kobold (D:3)
1 creature vanquished.

Grand Total: 73 creatures vanquished

Notes
Turn   | Place    | Note
-------+----------+-------------------------------------------
     0 | D:1      | garrulousMonolith the Hill Orc Monk began the quest for the
                  | Orb.
     0 | D:1      | Reached XP level 1. HP: 19/19 MP: 1/1
   116 | D:1      | Reached XP level 2. HP: 25/27 MP: 2/2
   161 | D:1      | Reached skill level 1 in Invocations
   358 | D:1      | Reached skill level 1 in Armour
   376 | D:1      | Reached XP level 3. HP: 33/33 MP: 3/3
  1058 | D:2      | Reached skill level 5 in Axes
  1065 | D:2      | Reached XP level 4. HP: 31/40 MP: 5/5
  1280 | D:2      | Found a blossoming altar of Fedhas.
  1842 | D:3      | Reached XP level 5. HP: 43/47 MP: 6/6
  2118 | D:3      | Slain by an orc

Illustrated notes

Levels and vault maps discovered:
D:1:      dpeg_arrival_simpleton_c, layout_basic, minivault_26
D:2:      layout_basic, basic_altar
D:3:      minmay_general_purpose_star, layout_basic, tgw_trog

Skill      XL: |  1  2  3  4 |
---------------+-------------+-----
Invocations    | 1 2 |  2.7
Armour         | 1 2 |  2.2
Fighting       | 4 |  4.5
Axes           | 5 |  5.8
Dodging        | |  2.4

Action                     |  1- 3 |  4- 6 || total
---------------------------+-------+-------++-------
  Melee: Hand axe          |   126 |    86 ||   212
    Use: Potion            |       |     1 ||     1
 Armour: Robe              |    14 |       ||    14
         Scale mail        |    18 |    47 ||    65
  Dodge: Dodged            |    65 |    47 ||   112

Table legend: (Time is in decaauts)
 A = Elapsed time spent in this place.
 B = Non-inter-level travel time spent in this place.
 C = Inter-level travel time spent in this place.
 D = Time resting spent in this place.
 E = Time spent auto-exploring this place.
 F = Levels seen in this place.
 G = Mean time per level.
                   A        B        C        D        E       F      G
               +--------+--------+--------+--------+--------+-----+--------+
         Total |   2128 |   1991 |    137 |    101 |   1460 |   3 |  709.3 |
       Dungeon |   2128 |   1991 |    137 |    101 |   1460 |   3 |  709.3 |
               +--------+--------+--------+--------+--------+-----+--------+

Top non-repeatable levels by time:
     D:1: 924 daAuts
     D:2: 900 daAuts
     D:3: 304 daAuts
